 Dungeon Crawl Stone Soup version 0.30-a0-930-gb9d0489357 (webtiles) character file.

Game seed: 6779407296755070478

259 mopl the Chopper (level 5, -2/38 HPs)
             Began as a Demonspawn Gladiator on Mar 23, 2023.
             Constricted to death by Natasha (5 damage)
             ... on level 4 of the Dungeon.
             The game lasted 00:02:49 (2400 turns).

mopl the Chopper (Demonspawn Gladiator)             Turns: 2400, Time: 00:02:49

Health: -2/38      AC:  9    Str: 16    XL:     5   Next: 94%
Magic:  5/5        EV:  7    Int:  9    God:
Gold:   222        SH:  0    Dex: 15    Spells: 4/4 levels left

rFire   . . .      SeeInvis .    a - +0 war axe
rCold   . . .      Faith    .    (no shield)
rNeg    . . .      Spirit   .    o - +0 scale mail
rPois   .          Reflect  .    (helmet restricted)
rElec   .          Rampage  .    (no cloak)
rCorr   +                        (no gloves)
Will    .....                    (no boots) Stlth
                                 (no amulet)
HPRegen 0.26/turn                q - ring of resist corrosion
MPRegen 0.09/turn                (no ring)

@: grasped by roots, slowed, constricted, very slow
A: horns 1, thin metallic scales 2, foul stench 1
a: no special abilities


You were on level 4 of the Dungeon.
You visited 1 branch of the dungeon, and saw 4 of its levels.

You collected 222 gold pieces.

Inventory:

Hand Weapons
 a - a +0 war axe (weapon)
Missiles
 c - 2 boomerangs
 d - 3 throwing nets
 e - 4 javelins
 g - 7 poisoned darts (quivered)
Armour
 o - a +0 scale mail (worn)
Jewellery
 f - a ring of fire
 q - a ring of resist corrosion (left hand)
Scrolls
 i - a scroll of fear {unknown}
 j - 2 scrolls of teleportation {unknown}
 k - 3 scrolls of immolation
 l - a scroll of amnesia {unknown}
 m - 2 scrolls of vulnerability {unknown}
 n - 2 scrolls of identify {unknown}
 s - 2 scrolls of enchant weapon {unknown}
 t - a scroll of silence {unknown}
 u - a scroll of fog {unknown}
Potions
 b - 2 potions of mutation {unknown}
 h - 2 potions of curing {unknown}
 p - a potion of brilliance {unknown}
 r - 3 potions of degeneration {unknown}
 v - a potion of heal wounds {unknown}


   Skills:
 - Level 2.0 Fighting
 * Level 6.1 Axes
 - Level 1.7 Throwing
 - Level 2.6 Dodging


You had 4 spell levels left.
You didn't know any spells.
Your spell library was empty.

Dungeon Overview and Level Annotations

Branches:
Dungeon (4/15)
 Temple: D:4-7

Altars:

Annotations:
D:4 Natasha


Innate Abilities, Weirdness & Mutations

You have a pair of small horns on your head.
You are mostly covered in thin metallic scales. (AC +3)
You may rarely emit foul miasma when damaged in melee.


Message History

Natasha mumbles some strange words.
The shadow imp hits you but does no damage.
The shadow imp gestures at you. Pain shoots through your body!
You closely miss Natasha. You headbutt Natasha.
Natasha is heavily wounded.
You hit the shadow imp. x2
You kill the shadow imp!
The shadow imp disappears in a puff of smoke!
Natasha mumbles some strange words.
The shadow imp completely misses you. The white imp gestures at you.
The puff of frost misses you.
The puff of frost hits the shadow imp.
The shadow imp resists.
Natasha barely misses you.
The shadow imp hits you but does no damage.
A kobold comes into view. It is wielding a +0 short sword.
You closely miss Natasha.
The kobold shouts!
Your headbutt misses Natasha.
Natasha is heavily wounded.
You slash the shadow imp!
You kill the shadow imp!
The shadow imp disappears in a puff of smoke!
Natasha closely misses you.
The kobold throws a stone.
The stone closely misses you.
The crimson imp blinks!
The white imp gestures at you. The puff of frost hits you!
* * * LOW HITPOINT WARNING * * *
Natasha zaps a wand.
The roots erupt in riotous growth!
The grasping roots grab you!
The white imp is unaffected.
Natasha is unaffected.
The grasping roots constrict you!
* * * LOW HITPOINT WARNING * * *
You hear a shout!
You barely miss Natasha. You headbutt Natasha.
Natasha is severely wounded.
You hit the white imp.
The crimson imp blinks!
The white imp hits you but does no damage.
Natasha claws you but does no damage. The grasping roots constrict you.
You die...

#.........#.##..###.
#.........#.##.## #.
#.......K... #.####.
..###.........####.#....
...5.........##........
#.)...§...##.#######
#.§.§........# #
..#####....#.###.# #
...=.<§@5....# #.# #
#......h##.### #.# #
#.#.##.###.# #.# .. ...
..# #.# ## .##. #### #..
# #. ... #. #.


You could see Natasha, a crimson imp (summoned), a white imp (summoned) and a
kobold.

Vanquished Creatures
  A scorpion (D:4)
  2 iguanas
  Natasha (D:4)
  4 adders
  2 worms
  5 endoplasms
  3 giant cockroaches
  7 goblins
  4 hobgoblins
  3 jackals (D:1)
  9 kobolds
  3 quokkas
  6 ball pythons
  10 bats
  A frilled lizard (D:1)
  26 rats
87 creatures vanquished.

Vanquished Creatures (others)
  A fungus (D:1)
  2 plants (D:1)
3 creatures vanquished.

Grand Total: 90 creatures vanquished

Notes
Turn   | Place    | Note
-------+----------+-------------------------------------------
     0 | D:1      | mopl the Demonspawn Gladiator began the quest for the Orb.
     0 | D:1      | Reached XP level 1. HP: 16/16 MP: 1/1
    27 | D:1      | Reached skill level 3 in Axes
    77 | D:1      | Gained mutation: You may rarely emit foul miasma when
                  | damaged in melee. [demonic ancestry]
    77 | D:1      | Reached XP level 2. HP: 22/22 MP: 2/2
   562 | D:1      | Found a faded altar of an unknown god.
   847 | D:2      | Gained mutation: You are partially covered in thin metallic
                  | scales. (AC +2) [demonic ancestry]
   847 | D:2      | Reached XP level 3. HP: 27/27 MP: 3/3
   877 | D:2      | Reached skill level 4 in Axes
  1064 | D:2      | Gained mutation: You have a pair of small horns on your
                  | head. [demonic ancestry]
  1064 | D:2      | Reached XP level 4. HP: 33/33 MP: 4/4
  1464 | D:3      | Reached skill level 5 in Axes
  1624 | D:3      | Gained mutation: You are mostly covered in thin metallic
                  | scales. (AC +3) [demonic ancestry]
  1624 | D:3      | Reached XP level 5. HP: 37/38 MP: 5/5
  2375 | D:4      | Reached skill level 6 in Axes
  2380 | D:4      | Noticed Natasha
  2387 | D:4      | Killed Natasha
  2390 | D:4      | Noticed Natasha
  2400 | D:4      | Constricted to death by Natasha

Illustrated notes

Levels and vault maps discovered:
D:1:      dpeg_arrival_ratfight, layout_loops_ring,
          dreamdust_ecumenical_altar_grove, kennysheep_small_spiral,
          grunt_decor_one_mirror, minmay_cut_off
D:2:      layout_basic
D:3:      layout_loops_ring, minmay_rat_hole
D:4:      cheibrodos_old_hovel, layout_loops_ring, uniq_sigmund, uniq_natasha,
          uniq_eustachio

Skill      XL: |  1  2  3  4  5 |
---------------+----------------+-----
Axes           | 3 4 5 6 |  6.1
Fighting       | |  2.0
Throwing       | |  1.7
Dodging        | |  2.6

Action                     |  1- 3 |  4- 6 || total
---------------------------+-------+-------++-------
  Melee: War axe           |    97 |   120 ||   217
         Punch             |     1 |       ||     1
         Headbutt          |       |    13 ||    13
  Throw: Dart              |       |     1 ||     1
    Use: Scroll            |       |     1 ||     1
   Stab: Sleeping          |     1 |       ||     1
 Armour: Leather armour    |    22 |       ||    22
         Scale mail        |    37 |    67 ||   104
  Dodge: Dodged            |    87 |    78 ||   165

Table legend: (Time is in decaauts)
 A = Elapsed time spent in this place.
 B = Non-inter-level travel time spent in this place.
 C = Inter-level travel time spent in this place.
 D = Time resting spent in this place.
 E = Time spent auto-exploring this place.
 F = Levels seen in this place.
 G = Mean time per level.
                   A        B        C        D        E       F      G
               +--------+--------+--------+--------+--------+-----+--------+
         Total |   2465 |   2404 |     61 |    165 |   1700 |   4 |  616.2 |
       Dungeon |   2465 |   2404 |     61 |    165 |   1700 |   4 |  616.2 |
               +--------+--------+--------+--------+--------+-----+--------+

Top non-repeatable levels by time:
     D:1: 824 daAuts
     D:3: 810 daAuts
     D:2: 758 daAuts
     D:4: 71 daAuts
